 Dungeon Sprint DCSS version 0.30-a0-723-gc1506a1cf0 (webtiles) character file.

Game seed: 7025735079538313570

1581 sircluck the Basher (level 8, -14/57 HPs)
             Began as a Gargoyle Fighter on Jan 28, 2023.
             Killed from afar by a gargoyle (18 damage)
             ... with a stone arrow
             ... in the Dungeon (Sprint IX: "|||||||||||||||||||||||||||||").
             The game lasted 00:04:46 (411 turns).

sircluck the Basher (Gargoyle Fighter)               Turns: 411, Time: 00:04:46

Health: -14/57     AC: 23    Str: 22    XL:     8   Next: 91%
Magic:  8/8        EV: 13    Int: 12    God:
Gold:   0          SH:  5    Dex:  9    Spells: 7/7 levels left

rFire   . . .      SeeInvis .    o - +2 morningstar (protect)
rCold   . . .      Faith    .    c - +0 buckler
rNeg    + . .      Spirit   .    v - +2 ring mail
rPois   ∞          Reflect  .    (no helmet)
rElec   +          Harm     .    t - +0 cloak
rCorr   .          Rampage  .    (no gloves)
Will    .....      NoTele   +    (no boots) Stlth
                                 (no amulet)
HPRegen 0.29/turn                w - +3 ring of intelligence
MPRegen 0.11/turn                x - +2 ring of evasion

@: under a protective aura
A: sickness immunity, AC +5, negative energy resistance 1, electricity
resistance, torment resistance 1, petrification resistance
a: no special abilities


You were in the Dungeon.
You visited 1 branch

Inventory:

Hand Weapons
 a - a +0 flail
 n - a +2 vampiric halberd
 o - a +2 morningstar of protection (weapon)
 p - a +4 quarterstaff of speed
 q - a +2 rapier of freezing
 r - a +2 scimitar of flaming
 s - a +3 war axe of freezing
Armour
 b - a +0 scale mail
 c - a +0 buckler (worn)
 t - a +0 cloak (worn)
 u - a +0 cloak
 v - a +2 ring mail (worn)
Jewellery
 w - a +3 ring of intelligence (left hand)
 x - a +2 ring of evasion (right hand)
Wands
 m - a wand of quicksilver (10)
Scrolls
 j - 2 scrolls of blinking
 l - 2 scrolls of amnesia
Potions
 e - 2 potions of curing
 f - 2 potions of heal wounds
 g - a potion of haste
 h - 4 potions of magic
 i - a potion of berserk rage
 k - a potion of invisibility


   Skills:
 + Level 10.2 Fighting
 + Level 12.6 Maces & Flails
 + Level 9.6 Armour
 + Level 4.5 Dodging
 + Level 8.2 Shields


You had 7 spell levels left.
You didn't know any spells.
Your spell library was empty.

Dungeon Overview and Level Annotations

Branches:
Dungeon (1/1)

Altars:
Cheibriados
Dithmenos
Elyvilon
Fedhas
Gozag
Hepliaklqana
Kikubaaqudgha
Makhleb
Nemelex Xobeh
Okawaru
Qazlal
Ru
Sif Muna
Trog
Uskayaw
Vehumet
Wu Jian
Xom
Yredelemnul
Zin
The Shining One
Jiyva
Lugonu


Innate Abilities, Weirdness & Mutations

You are immune to sickness and miasma.
Your stone body is resilient. (AC +5)
You are immune to poison.
You resist negative energy. (rN+)
You are resistant to electric shocks. (rElec)
You are resistant to unholy torment.
You are immune to petrification.


Message History

Your Maces & Flails skill increases to level 12!
Your Dodging skill increases to level 4!
You hit the gargoyle.
The gargoyle is lightly damaged.
The boulder beetle stops rolling and uncurls.
You block the gargoyle's attack.
You sock the gargoyle!
The gargoyle is heavily damaged.
The boulder beetle leaps!
The gargoyle hurls a stone arrow at you.
The stone arrow hits you but does no damage.
You hit the gargoyle but do no damage.
The gargoyle is heavily damaged.
The gargoyle hurls a stone arrow at you.
The stone arrow misses you.
The stone arrow hits the boulder beetle.
You barely miss the gargoyle.
The gargoyle is heavily damaged.
The gargoyle hurls a stone arrow at you.
The stone arrow hits you!
* * * LOW HITPOINT WARNING * * *
You barely miss the gargoyle.
The gargoyle is heavily damaged.
The boulder beetle stops moving altogether!
The gargoyle hurls a stone arrow at you.
The stone arrow misses you.
The stone arrow hits the boulder beetle!!
You barely miss the gargoyle.
The gargoyle is heavily damaged.
The gargoyle hits you but does no damage.
You hit the gargoyle but do no damage.
The gargoyle is heavily damaged.
You thump the gargoyle!
The gargoyle is almost destroyed.
The gargoyle hits you but does no damage.
You hit the gargoyle but do no damage.
The gargoyle is almost destroyed.
The gargoyle hurls a stone arrow at you.
The stone arrow hits you!!
You die... ▓▓▓▓▓▓▓▓▓▓▓▓▓▓▓▓▓▓▓▓▓▓▓▓ '.........'....B@9{QB... ▓▓▓▓▓▓▓▓▓▓▓▓▓▓▓▓▓▓▓▓▓▓▓▓

You could see 2 boulder beetles, a tengu warrior (reflecting) and a gargoyle.

Vanquished Creatures
  A catoblepas (D)
  A troll (D)
  A wraith (D)
  3 yaks (D)
  A scorpion (D)
  A killer bee (D)
  2 hounds (D)
  An orc wizard (D)
  An adder (D)
  A giant cockroach (D)
  A goblin (D)
  A hobgoblin (D)
  A quokka (D)
  A ball python (D)
17 creatures vanquished.

Notes
Turn   | Place    | Note
-------+----------+-------------------------------------------
     0 | D        | sircluck the Gargoyle Fighter began the quest for the Orb.
     0 | D        | Reached XP level 1. HP: 14/14 MP: 1/1
    31 | D        | Noticed a hound
    31 | D        | Noticed an orc wizard
    31 | D        | Noticed a scorpion
    31 | D        | Noticed a hound
    36 | D        | Killed a hound
    37 | D        | Reached skill level 3 in Maces & Flails
    37 | D        | Reached XP level 2. HP: 10/20 MP: 2/2
    37 | D        | Reached XP level 3. HP: 13/25 MP: 3/3
    38 | D        | Reached skill level 5 in Fighting
    38 | D        | Reached skill level 5 in Armour
    38 | D        | Reached skill level 5 in Shields
    38 | D        | Reached XP level 4. HP: 17/31 MP: 4/4
    46 | D        | Killed a scorpion
    47 | D        | Reached skill level 4 in Maces & Flails
    47 | D        | Reached XP level 5. HP: 9/36 MP: 5/5
    61 | D        | Reached skill level 5 in Maces & Flails
   181 | D        | Found a snail-covered altar of Cheibriados.
   181 | D        | Found a shadowy altar of Dithmenos.
   181 | D        | Found a white marble altar of Elyvilon.
   181 | D        | Found a blossoming altar of Fedhas.
   181 | D        | Found an opulent altar of Gozag.
   182 | D        | Found a hazy altar of Hepliaklqana.
   183 | D        | Found a viscous altar of Jiyva.
   184 | D        | Found an ancient bone altar of Kikubaaqudgha.
   185 | D        | Found a corrupted altar of Lugonu.
   190 | D        | Found a burning altar of Makhleb.
   191 | D        | Found a sparkling altar of Nemelex Xobeh.
   192 | D        | Found an iron altar of Okawaru.
   193 | D        | Found a stormy altar of Qazlal.
   194 | D        | Found a sacrificial altar of Ru.
   195 | D        | Found a shimmering blue altar of Sif Muna.
   198 | D        | Found a bloodstained altar of Trog.
   203 | D        | Found a hide-covered altar of Uskayaw.
   204 | D        | Found a radiant altar of Vehumet.
   205 | D        | Found an ornate altar of the Wu Jian Council.
   206 | D        | Found a shimmering altar of Xom.
   209 | D        | Found a basalt altar of Yredelemnul.
   210 | D        | Found a glowing silver altar of Zin.
   213 | D        | Found a glowing golden altar of the Shining One.
   275 | D        | Noticed a wraith
   275 | D        | Noticed a yak
   275 | D        | Noticed a yak
   275 | D        | Noticed a yak
   275 | D        | Noticed a troll
   281 | D        | Killed a wraith
   282 | D        | Reached skill level 7 in Maces & Flails
   282 | D        | Reached skill level 1 in Dodging
   282 | D        | Reached XP level 6. HP: 37/44 MP: 6/6
   294 | D        | Killed a yak
   295 | D        | Reached skill level 8 in Maces & Flails
   295 | D        | Reached XP level 7. HP: 32/50 MP: 7/7
   305 | D        | Killed a yak
   306 | D        | Reached skill level 9 in Maces & Flails
   345 | D        | Killed a yak
   346 | D        | Reached skill level 10 in Maces & Flails
   352 | D        | Killed a troll
   353 | D        | Reached skill level 11 in Maces & Flails
   353 | D        | Reached XP level 8. HP: 28/56 MP: 8/8
   388 | D        | Noticed a catoblepas
   388 | D        | Noticed a gargoyle
   388 | D        | Noticed a boulder beetle
   388 | D        | Noticed a vampire
   388 | D        | Noticed a tengu warrior
   388 | D        | Noticed a boulder beetle
   402 | D        | Killed a catoblepas
   403 | D        | Reached skill level 10 in Fighting
   403 | D        | Reached skill level 12 in Maces & Flails
   411 | D        | Killed from afar by a gargoyle

Illustrated notes

Levels and vault maps discovered:
D:        linesprint [early_d, line_temple, items_1, d_10, items_2, lair_1,
          lair_end, items_3, orc_1, orc_end, items_4, d_15, swamp_1, shoals_1,
          snake_1, spider_1, d_20, vaults_1, items_5, swamp_end, shoals_end,
          snake_end, spider_end, vaults_end, d_27, items_6, zot_1, zot_end,
          crypt_end, forest_end, elf_end, slime_end, tomb_end, abyss_end,
          pan_hell_end]

Skill      XL: |  1  2  3  4  5  6  7  8 |
---------------+-------------------------+-----
Fighting       | 4 5 6 7 8 9 10 | 10.2
Maces & Flails | 3 4 7 8 11 12 | 12.6
Armour         | 4 5 6 7 8 9 |  9.6
Shields        | 4 5 7 8 |  8.2
Dodging        | 1 2 3 4 |  4.5

Action                     |  1- 3 |  4- 6 |  7- 9 || total
---------------------------+-------+-------+-------++-------
  Melee: Flail             |    17 |    29 |       ||    46
         Morningstar       |       |    19 |    48 ||    67
    Use: Potion            |       |       |     5 ||     5
 Armour: Scale mail        |     7 |    25 |       ||    32
         Ring mail         |       |     9 |    24 ||    33
  Dodge: Dodged            |     7 |    22 |    22 ||    51
  Block: Buckler           |     2 |     2 |     5 ||     9

Table legend: (Time is in decaauts)
 A = Elapsed time spent in this place.
 B = Non-inter-level travel time spent in this place.
 C = Inter-level travel time spent in this place.
 D = Time resting spent in this place.
 E = Time spent auto-exploring this place.
 F = Levels seen in this place.
 G = Mean time per level.
                   A        B        C        D        E       F      G
               +--------+--------+--------+--------+--------+-----+--------+
         Total |    429 |    429 |      0 |    104 |      0 |   1 |  429.0 |
       Dungeon |    429 |    429 |      0 |    104 |      0 |   1 |  429.0 |
               +--------+--------+--------+--------+--------+-----+--------+

Top non-repeatable levels by time:
       D: 429 daAuts
